 Dungeon Crawl Stone Soup version 0.30.1-11-g7821555f0a (webtiles) character file.

Game seed: 8342887098209380512

100 KittyFluff the Trooper (level 4, -1/29 HPs)
             Began as a Gargoyle Berserker on Nov 11, 2023.
             Was a Believer of Trog.
             Slain by a water moccasin (8 damage)
             ... on level 3 of the Dungeon.
             The game lasted 00:06:14 (1936 turns).

KittyFluff the Trooper (Gargoyle Berserker)         Turns: 1936, Time: 00:06:15

Health: -1/29      AC:  5    Str: 23    XL:     4   Next: 73%
Magic:  4/4        EV: 12    Int:  7    God:    Trog [**....]
Gold:   83         SH:  0    Dex:  9    Spells: 3/3 levels left

rFire   . . .        a - +1 mace
rCold   . . .        (no shield)
rNeg    + . .        b - +0 animal skin
rPois   ∞            (no helmet)
rElec   +            (no cloak)
rCorr   .            (no gloves)
SInv    .            (no boots)
Will    .....        (no amulet)
Stlth   +            (no ring)
HPRegen 0.24/turn    (no ring)
MPRegen 0.09/turn

%: no passive effects
@: no status effects
A: sickness immunity, AC +3, negative energy resistance 1, electricity
resistance, torment resistance 1, petrification resistance
a: Renounce Religion, Berserk, Trog's Hand


You were on level 3 of the Dungeon.
You worshipped Trog.
Trog was pleased with you.
You visited 1 branch of the dungeon, and saw 3 of its levels.

You collected 83 gold pieces.

Inventory:

Hand Weapons
 a - a +1 mace (weapon)
 j - a +0 sling
Missiles
 k - 4 datura-tipped darts (quivered)
Armour
 b - a +0 animal skin (worn)
Jewellery
 i - an amulet of faith
Scrolls
 e - a scroll of enchant weapon
 g - a scroll of teleportation {unknown}
 h - a scroll of blinking {unknown}
 l - a scroll of enchant armour {unknown}
 m - a scroll of noise {unknown}
Potions
 c - a potion of magic {unknown}
 d - 2 potions of curing {unknown}
 f - a potion of flight {unknown}


   Skills:
 + Level 3.8 Fighting
 * Level 3.8 Maces & Flails
 * Level 3.3 Armour
 + Level 2.0 Dodging
 + Level 1.4 Stealth


You had 3 spell levels left.
You didn't know any spells.
Your spell library was empty.

Dungeon Overview and Level Annotations

Branches:
Dungeon (3/15)

Altars:


Innate Abilities, Weirdness & Mutations

You are immune to sickness and miasma.
Your stone body is resilient. (AC +3)
You are immune to poison.
You resist negative energy. (rN+)
You are resistant to electric shocks. (rElec)
You are resistant to unholy torment.
You are immune to petrification.


Message History

There is a stone staircase leading up here.
As you read the scroll labelled CUEH JEEFYDAN, it crumbles to dust.
It is a scroll of enchant weapon.
Your +0 mace glows red for a moment.
Found a scroll labelled HAOXTO CIROCIR.
Found 7 gold pieces.
An adder comes into view.
The adder hisses angrily.
A water moccasin comes into view.
Found a stone staircase leading up.
You see here a scroll labelled HAOXTO CIROCIR.
m - a scroll labelled HAOXTO CIROCIR The adder barely misses you.
You hit the adder.
The adder is lightly wounded.
The adder bites you but does no damage.
You closely miss the adder.
The adder is lightly wounded.
The adder closely misses you. The water moccasin bites you.
The adder bites you but does no damage.
You hit the adder but do no damage.
The adder is lightly wounded.
The water moccasin bites you. The adder bites you but does no damage.
The water moccasin bites you.
You barely miss the adder.
The adder is lightly wounded.
The adder barely misses you. The water moccasin barely misses you.
The adder bites you but does no damage.
The water moccasin bites you but does no damage.
You hit the adder.
The adder is heavily wounded.
The water moccasin barely misses you. The adder bites you.
The water moccasin bites you!
* * * LOW HITPOINT WARNING * * *
You hit the adder.
You kill the adder!
Trog accepts your kill.
The water moccasin bites you but does no damage.
You barely miss the water moccasin. The water moccasin bites you!
You die...

#.. ########.# #... ..
.^.......# #..# ...
.........###..##.#
..........##.....
..........##...#
..........##...#####
.......S@.##........
....$...†......#
<.........##.#.#
..........##.############
.#####.#..##.............
#.#..############.##
..#..# #.#. .###..#
#####... .# #..# #.....#.


You could see a water moccasin.

Vanquished Creatures
  3 adders
  3 worms (D:2)
  3 dart slugs
  4 ball pythons (D:1)
  4 endoplasms
  2 giant cockroaches (D:2)
  7 goblins
  4 hobgoblins
  6 jackals
  5 quokkas
  3 bats (D:1)
  4 frilled lizards
  5 kobolds
  A rat (D:2)
54 creatures vanquished.

Notes
Turn   | Place    | Note
-------+----------+-------------------------------------------
     0 | D:1      | KittyFluff the Gargoyle Berserker began the quest for the
                  | Orb.
     0 | D:1      | Reached XP level 1. HP: 14/14 MP: 1/1
   226 | D:1      | Reached XP level 2. HP: 13/19 MP: 2/2
   546 | D:1      | Reached XP level 3. HP: 23/23 MP: 3/3
   616 | D:1      | Reached skill level 1 in Stealth
  1117 | D:2      | Reached ** piety under Trog
  1409 | D:2      | Reached XP level 4. HP: 29/29 MP: 4/4
  1926 | D:3      | Noticed a water moccasin
  1936 | D:3      | Slain by a water moccasin

Illustrated notes

Levels and vault maps discovered:
D:1:      lightli_arrival_statue_moat, layout_basic, minmay_misc_feat_iff
D:2:      layout_loops_ring
D:3:      layout_basic, nemelex_xobeh_ov_fountains_minmay, uniq_sigmund

Skill      XL: |  1  2  3  4 |
---------------+-------------+-----
Stealth        | 1 |  1.4
Armour         | 3 |  3.3
Dodging        | 2 |  2.0
Fighting       | |  3.8
Maces & Flails | |  3.8

Action                     |  1- 3 |  4- 6 || total
---------------------------+-------+-------++-------
  Melee: Mace              |   121 |    48 ||   169
         Punch             |     2 |       ||     2
    Use: Scroll            |       |     1 ||     1
   Stab: Sleeping          |     3 |       ||     3
 Armour: Animal skin       |    54 |    18 ||    72
  Dodge: Dodged            |    95 |    25 ||   120
